 Dungeon Crawl Stone Soup version 0.20.1-1-g8b1a95d (webtiles) character file.

1040 dmj the Ruffian (level 8, -2/75 HPs)
             Began as a Troll Fighter on July 30, 2017.
             Slain by Duvessa
             ... wielding a +2 rapier of venom
              (17 damage)
             ... on level 4 of the Dungeon.
             The game lasted 00:11:58 (2782 turns).

dmj the Ruffian (Troll Fighter)                     Turns: 2782, Time: 00:11:59

Health: -2/75      AC:  6    Str: 32    XL:     8   Next: 4%
Magic:  7/7        EV:  9    Int:  9    God:
Gold:   173        SH: 10    Dex:  9    Spells: 7/7 levels left

rFire    . . .     SeeInvis .     - Unarmed
rCold    + . .     Gourm    +   b - +0 shield
rNeg     . . .     Faith    .   q - +1 robe {rC+}
rPois    .         Spirit   .   (helmet restricted)
rElec    .         Reflect  .   (no cloak)
rCorr    .         Harm     .   (gloves unavailable)
MR       .....                  (boots unavailable)
Stlth    +.........             (no amulet)
Regen    0.7/turn               (no ring)
MPRegen  0.1/turn               (no ring)

@: mighty, brilliant, lethally poisoned (-2 -> -11)
A: unfitting armour, claws 3, fast metabolism 3, gourmand, regeneration 1,
shaggy fur 1, tough skin 2
a: no special abilities


You were on level 4 of the Dungeon.
You were not hungry.

You visited 1 branch of the dungeon, and saw 4 of its levels.

You collected 173 gold pieces.

Inventory:

Hand Weapons
 j - a +1 short sword of draining
Armour
 a - a +0 robe
 b - a +0 shield (worn)
 g - a +0 robe
 q - a +1 robe of cold resistance (worn)
Wands
 f - a wand of polymorph (10/24)
 n - a wand of flame (25/48)
Scrolls
 e - a scroll of amnesia
 h - 2 scrolls of remove curse
 k - a scroll of teleportation
Potions
 c - a potion of might
 i - a potion of brilliance
 l - a potion of heal wounds {unknown}
 p - 2 potions of degeneration {unknown}
Comestibles
 d - 2 bread rations
 m - a royal jelly
 o - a meat ration


   Skills:
 + Level 3.2 Fighting
 + Level 3.6 Dodging
 + Level 1.0 Stealth
 + Level 4.7 Shields
 + Level 6.6 Unarmed Combat


You had 7 spell levels left.
You didn't know any spells.

Dungeon Overview and Level Annotations

Branches:
Dungeon (4/15)
 Temple: D:4-7

Altars:

Annotations:
D:4 Duvessa


Innate Abilities, Weirdness & Mutations

You are too large for most types of armour.
You have claws for hands.
Your metabolism is lightning-fast.
You like to eat raw meat.
Your natural rate of healing is unusually fast.
You are covered in fur. (AC +1)
You have very tough skin. (AC +2)


Message History

You feel sick.
Duvessa hits you with a rapier of venom!
You scratch Duvessa.
Duvessa is lightly wounded.
You feel sick. You block Duvessa's attack.
You claw Duvessa!
Duvessa is moderately wounded.
You feel sick. You block Duvessa's attack. Duvessa hits you but does no damage.
You are more poisoned.
You closely miss Duvessa.
Duvessa is moderately wounded.
You feel sick. You block Duvessa's attack.
You feel very sick. Duvessa closely misses you.
You feel sick.
You mangle Duvessa!!
Duvessa is severely wounded.
You feel sick.
Duvessa hits you with a rapier of venom!
You die...

#..##..##.#...........
#...................#
#.###..####..>.####.#
#.# #..# #.#.## #.#
#.###..####.#.# #.#
#...#.........# #.#
#...........### #.#
#.#..#.###### #.#
#.#.@#.############.#
#...e................
#......############.#
##..)..# .........
#...................
#...$.####.########.
#..##.# #....... ...#
.# .###.##. #.... .>
##...


You could see Duvessa (berserk).

Vanquished Creatures
  The ghost of tmwrnj the Chopper, a novice HOFi of Beogh (D:3)
  Grinder (D:3)
  The ghost of poirepourri the Cudgeler, an amateur GrFi (D:4)
  Dowan (D:4)
  2 orc priests
  A hound (D:4)
  An orc wizard (D:3)
  A worker ant (D:4)
  4 gnolls
  4 adders
  An ooze (D:4)
  An adder skeleton (D:4)
  3 worms
  2 dart slugs
  2 leopard geckos (D:3)
  11 orcs
  5 bats
  4 giant cockroaches
  7 goblins
  6 hobgoblins
  2 quokkas
  4 frilled lizards
  9 kobolds
  7 rats
81 creatures vanquished.

Notes
Turn   | Place    | Note
-------+----------+-------------------------------------------
     0 | D:1      | dmj the Troll Fighter began the quest for the Orb.
     0 | D:1      | Reached XP level 1. HP: 22/22 MP: 0/0
   164 | D:1      | Reached XP level 2. HP: 29/29 MP: 1/1
   629 | D:1      | Reached XP level 3. HP: 28/36 MP: 2/2
  1000 | D:2      | Reached skill level 3 in Unarmed Combat
  1105 | D:2      | Reached XP level 4. HP: 44/44 MP: 3/3
  1399 | D:3      | Noticed Grinder
  1419 | D:3      | Paralysed by Grinder for 4 turns
  1427 | D:3      | Paralysed by Grinder for 5 turns
  1435 | D:3      | Killed Grinder
  1435 | D:3      | Reached skill level 4 in Unarmed Combat
  1435 | D:3      | Reached XP level 5. HP: 32/52 MP: 4/4
  1435 | D:3      | Reached XP level 6. HP: 37/59 MP: 5/5
  1442 | D:3      | Noticed tmwrnj's ghost (novice HOFi)
  1449 | D:3      | Killed tmwrnj's ghost
  1449 | D:3      | Reached skill level 5 in Unarmed Combat
  1449 | D:3      | Reached XP level 7. HP: 28/67 MP: 6/6
  2559 | D:4      | Reached skill level 6 in Unarmed Combat
  2578 | D:4      | Noticed poirepourri's ghost (amateur GrFi)
  2598 | D:4      | Killed poirepourri's ghost
  2762 | D:4      | Noticed Dowan
  2764 | D:4      | Noticed Duvessa
  2773 | D:4      | Killed Dowan
  2773 | D:4      | Reached skill level 1 in Stealth
  2773 | D:4      | Reached XP level 8. HP: 54/75 MP: 7/7
  2782 | D:4      | Slain by Duvessa

Skill      XL: |  1  2  3  4  5  6  7 |
---------------+----------------------+-----
Shields        | 3 4 |  4.7
Unarmed Combat | 3 4 5 6 |  6.6
Fighting       | 3 |  3.2
Dodging        | 3 |  3.6
Stealth        | 1 |  1.0

Action                   |  1- 3 |  4- 6 |  7- 9 || total
-------------------------+-------+-------+-------++-------
Melee: Unarmed           |    90 |    28 |   115 ||   233
  Use: Potion            |       |       |     7 ||     7
       Scroll            |       |       |     5 ||     5
  Eat: Chunk             |     2 |       |     9 ||    11
       Meat ration       |     1 |       |     1 ||     2
       Bread ration      |       |     1 |       ||     1
Armor: Robe              |    30 |     9 |    23 ||    62
       Skin              |       |       |     1 ||     1
Dodge: Dodged            |    41 |     7 |    42 ||    90
Block: Shield            |    53 |    14 |    62 ||   129
